 Dungeon Crawl Stone Soup version 0.32-a0-571-gec57dfcd37 (webtiles) character file.

Game seed: 13551584076207350431

152 lunkers the Cutter (level 5, 0/38 HPs)
             Began as a Coglin Brigand on Feb 29, 2024.
             Slain by a gnoll
             ... wielding a +0 spear
              (4 damage)
             ... on level 4 of the Dungeon.
             The game lasted 00:03:57 (2347 turns).

lunkers the Cutter (Coglin Brigand)                 Turns: 2347, Time: 00:03:58

Health: 0/38       AC:  3    Str: 13    XL:     5   Next: 34%
Magic:  5/5        EV: 11    Int: 10    God:
Gold:   136        SH:  0    Dex: 16    Spells: 4/4 levels left

rFire   . . .        a - +2 dagger {Audrea}
rCold   . . .        f - +0 dagger {Byeongho}
rNeg    . . .        b - +0 robe
rPois   .            (no helmet)
rElec   .            c - +0 cloak
rCorr   .            (no gloves)
SInv    .            (no boots)
Will    .....        (amulet unavailable)
Stlth   ++           (ring unavailable)
HPRegen 0.26/turn    (ring unavailable)
MPRegen 0.09/turn    (no gizmo)

%: no passive effects
@: revving
A: off-hand wielding, slow wielding, warmup strikes, no jewellery
a: Invent Gizmo


You were on level 4 of the Dungeon.
You visited 1 branch of the dungeon, and saw 4 of its levels.

You collected 136 gold pieces.

Inventory:

Hand Weapons
 a - a +2 dagger (weapon) {Audrea}
 f - a +0 dagger (offhand) {Byeongho}
Missiles
 d - 16 poisoned darts
 e - 3 curare-tipped darts
Armour
 b - a +0 robe (worn)
 c - a +0 cloak (worn)
 q - a +0 chain mail
Scrolls
 g - a scroll of fear {unknown}
 i - a scroll of torment {unknown}
 j - a scroll of enchant weapon {unknown}
 k - a scroll of immolation {unknown}
 l - 2 scrolls of teleportation {unknown}
 n - 6 scrolls of identify {unknown}
 o - 4 scrolls of enchant armour {unknown}
Potions
 h - a potion of might
 m - a potion of brilliance {unknown}
 p - a potion of invisibility {unknown}


   Skills:
 - Level 2.0 Fighting
 + Level 4.9 Short Blades
 - Level 1.7 Throwing
 - Level 0.8 Dodging
 - Level 3.2 Stealth


You had 4 spell levels left.
You didn't know any spells.
Your spell library contained the following spells:

 Spells                   Type           Power      Damage    Failure   Level
 Sting                    Conj/Alch      0%         1d3       36%         1
 Mercury Vapours          Alch/Air       0%         N/A       50%         2
 Olgreb's Toxic Radiance  Alch           0%         N/A       98%         4


Dungeon Overview and Level Annotations

Branches:
Dungeon (4/15)
 Temple: D:4-7

Altars:
Xom


Innate Abilities, Weirdness & Mutations

You can wield a second weapon in your off-hand.
It takes a long time for you to wield or remove held weapons.
Your first few attacks do less damage.
You cannot equip rings or amulets.


Message History

The sleepcap barely misses you.
You hit the sleepcap with your +0 dagger.
The sleepcap is heavily damaged.
You hit the sleepcap with your +2 dagger.
The sleepcap closely misses you.
You puncture the sleepcap with your +0 dagger!
You destroy the sleepcap!
You closely miss the ball python with your +2 dagger.
You puncture the ball python with your +0 dagger!
You kill the ball python!
You feel a little less mighty now.
A gnoll comes into view. It is wielding a +0 spear.
A gnoll comes into view. It is wielding a +0 spear.
The gnoll shouts! x2
The gnoll hits you from afar with a +0 spear!
* * * LOW HITPOINT WARNING * * *
The gnoll barely misses you. The gnoll hits you with a +0 spear.
* * * LOW HITPOINT WARNING * * *
The gnoll hits you from afar with a +0 spear.
* * * LOW HITPOINT WARNING * * *
You hit the gnoll with your +2 dagger.
The gnoll is moderately wounded.
You hit the gnoll with your +0 dagger. The gnoll hits you with a +0 spear.
* * * LOW HITPOINT WARNING * * *
The gnoll hits you but does no damage.
You hit the gnoll but do no damage.
The gnoll is heavily wounded.
You hit the gnoll but do no damage. You hit the gnoll but do no damage.
The gnoll is heavily wounded.
You hit the gnoll with your +2 dagger. The gnoll closely misses you.
The gnoll misses you.
You hit the gnoll but do no damage.
The gnoll is heavily wounded.
You barely miss the gnoll with your +2 dagger.
The gnoll hits you with a +0 spear.
* * * LOW HITPOINT WARNING * * *
The gnoll hits you from afar with a +0 spear.
You die...

.# ... #.# ..# #.# ..##
#.# ...# ##.# ...#
########.g# . ...+
.......g@..# .. ...#
.#######..# ...
...######..........# ....
...#......##..####.##.....
###.......##..............
...................######.
......#. .##......>#
......# ##..###### ......#
#...#


You could see 2 gnolls.

Vanquished Creatures
  A sleepcap (D:4)
  An orc wizard (D:2)
  A gnoll (D:4)
  2 adders (D:2)
  5 orcs
  6 bats
  4 endoplasms
  7 giant cockroaches
  3 goblins
  7 hobgoblins
  8 jackals
  5 kobolds
  2 quokkas
  6 ball pythons
  A frilled lizard (D:3)
  A rat (D:3)
60 creatures vanquished.

Notes
Turn   | Place    | Note
-------+----------+-------------------------------------------
     0 | D:1      | lunkers the Coglin Brigand began the quest for the Orb.
     0 | D:1      | Reached XP level 1. HP: 16/16 MP: 1/1
    60 | D:1      | Reached skill level 2 in Short Blades
   116 | D:1      | Reached XP level 2. HP: 22/22 MP: 2/2
   859 | D:2      | Reached skill level 3 in Short Blades
   859 | D:2      | Reached XP level 3. HP: 22/27 MP: 3/3
   932 | D:2      | Reached XP level 4. HP: 33/33 MP: 4/4
   997 | D:2      | Reached skill level 4 in Short Blades
  1129 | D:2      | Found a shimmering altar of Xom.
  1432 | D:2      | Found a faded altar of an unknown god.
  2141 | D:4      | Reached XP level 5. HP: 30/38 MP: 5/5
  2244 | D:4      | HP: 1/38 [sleepcap (14)]
  2347 | D:4      | Slain by a gnoll

Illustrated notes

Levels and vault maps discovered:
D:1:      dpeg_arrival_rhombi, layout_basic
D:2:      layout_loops_ring, ebering_ecumenical_altar_sacrificial, basic_altar
D:3:      layout_rooms, minmay_misc_feat_iff,
          nicolae_concentric_dashed_squares_mild
D:4:      layout_basic, uniq_duvessa

Skill      XL: |  1  2  3  4 |
---------------+-------------+-----
Short Blades   | 2 3 4 |  4.9
Fighting       | |  2.0
Throwing       | |  1.7
Dodging        | |  0.8
Stealth        | |  3.2

Action                     |  1- 3 |  4- 6 || total
---------------------------+-------+-------++-------
  Melee: Dagger            |    84 |   196 ||   280
    Use: Potion            |       |     1 ||     1
   Stab: Sleeping          |     6 |     7 ||    13
 Armour: Robe              |    17 |    56 ||    73
  Dodge: Dodged            |    15 |    59 ||    74

Table legend: (Time is in decaauts)
 A = Elapsed time spent in this place.
 B = Non-inter-level travel time spent in this place.
 C = Inter-level travel time spent in this place.
 D = Time resting spent in this place.
 E = Time spent auto-exploring this place.
 F = Levels seen in this place.
 G = Mean time per level.
                   A        B        C        D        E       F      G
               +--------+--------+--------+--------+--------+-----+--------+
         Total |   2315 |   2167 |    148 |      0 |   1784 |   4 |  578.8 |
       Dungeon |   2315 |   2167 |    148 |      0 |   1784 |   4 |  578.8 |
               +--------+--------+--------+--------+--------+-----+--------+

Top non-repeatable levels by time:
     D:1: 842 daAuts
     D:2: 752 daAuts
     D:3: 501 daAuts
     D:4: 218 daAuts
